 Dungeon Crawl Stone Soup version 0.23.2-1-ga50397a6bc (webtiles) character file.

Game seed: 5106337207005897849

185 KamiKatze the Skirmisher (level 5, -1/33 HPs)
             Began as a Gargoyle Berserker on May 24, 2019.
             Was a Believer of Trog.
             Slain by a worker ant (5 damage)
             ... on level 4 of the Dungeon.
             The game lasted 00:09:22 (2701 turns).

KamiKatze the Skirmisher (Gargoyle Berserker)       Turns: 2701, Time: 00:09:23

Health: -1/33      AC: 10    Str: 21    XL:     5   Next: 64%
Magic:  5/5        EV: 10    Int:  8    God:    Trog [**....]
Gold:   140        SH:  0    Dex:  9    Spells: 4/4 levels left

rFire    . . .     SeeInvis .   a - +0 hand axe
rCold    . . .     Gourm    .   (no shield)
rNeg     + . .     Faith    .   q - +0 scale mail
rPois    ∞         Spirit   .   (no helmet)
rElec    +         Reflect  .   (no cloak)
rCorr    +         Harm     .   (no gloves)
MR       .....                  (no boots)
Stlth    ..........             (no amulet)
HPRegen  0.11/turn              g - ring of resist corrosion
MPRegen  0.09/turn              (no ring)

@: no status effects
A: negative energy resistance 1, electricity resistance, unbreathing,
petrification resistance, rot immunity, AC +4
a: Berserk, Trog's Hand, Renounce Religion


You were on level 4 of the Dungeon.
You worshipped Trog.
Trog was pleased with you.
You were not hungry.

You visited 1 branch of the dungeon, and saw 4 of its levels.

You collected 140 gold pieces.

Inventory:

Hand Weapons
 a - a +0 hand axe (weapon)
 b - a +0 hunting sling
Missiles
 f - 132 stones (quivered)
 h - 17 sling bullets
Armour
 i - a +0 chain mail
 l - a +0 helmet
 q - a +0 scale mail (worn)
Jewellery
 g - a ring of resist corrosion (left hand)
 s - an uncursed amulet of guardian spirit {unknown}
Wands
 d - a wand of digging (6)
 n - a wand of flame (23)
Scrolls
 e - a scroll of magic mapping {unknown}
 m - 2 scrolls of fear
 t - 3 scrolls of teleportation {unknown}
 u - a scroll of enchant weapon {unknown}
Potions
 j - a potion of degeneration
 o - a potion of ambrosia
 p - a potion of might {unknown}
 r - a potion of haste {unknown}
 v - a potion of mutation {unknown}
 w - a potion of brilliance {unknown}
Comestibles
 c - 5 rations
 k - 3 chunks of flesh


   Skills:
 + Level 4.1 Fighting
 * Level 4.1 Axes
 + Level 3.3 Armour
 + Level 2.4 Dodging


You had 4 spell levels left.
You didn't know any spells.
Your spell library was empty.

Dungeon Overview and Level Annotations

Branches:
Dungeon (4/15)
 Temple: D:4-7

Altars:
Elyvilon
Xom
Zin
The Shining One


Innate Abilities, Weirdness & Mutations

You are resistant to torment.
Your stone body is resilient. (AC +4)
You are immune to poison.
You resist negative energy. (rN+)
You are resistant to electric shocks. (rElec)
You can survive without breathing.
You are immune to petrification.
You are immune to rotting.


Message History

The worker ant barely misses you. The worker ant bites you.
* * * LOW HITPOINT WARNING * * *
You closely miss the worker ant.
The worker ant is severely wounded.
The worker ant closely misses you.
You barely miss the worker ant.
The worker ant is severely wounded.
The worker ant bites you.
* * * LOW HITPOINT WARNING * * *
You closely miss the worker ant.
The worker ant is severely wounded.
The worker ant misses you. The worker ant barely misses you.
You barely miss the worker ant.
The worker ant is severely wounded.
The worker ant bites you but does no damage.
You barely miss the worker ant.
The worker ant is severely wounded.
The worker ant closely misses you. The worker ant bites you.
You die...

###############
....)..a@.....#
......?.#####.#
...>....# #.#
........# #.#
........# #.#
........#####.#
..........<...#
###############


You could see a worker ant.

Vanquished Creatures
  A worker ant (D:4)
  8 adders
  An adder skeleton (D:4)
  A worm (D:2)
  2 dart slugs
  2 leopard geckos
  2 ball pythons (D:1)
  10 bats
  4 giant cockroaches
  10 goblins
  10 hobgoblins
  10 jackals
  3 kobolds
  A quokka (D:2)
  7 frilled lizards
  A quokka skeleton (D:4)
  2 rats (D:2)
75 creatures vanquished.

Notes
Turn   | Place    | Note
-------+----------+-------------------------------------------
     0 | D:1      | KamiKatze the Gargoyle Berserker began the quest for the
                  | Orb.
     0 | D:1      | Reached XP level 1. HP: 14/14 MP: 1/1
    84 | D:1      | Reached XP level 2. HP: 16/19 MP: 2/2
   306 | D:1      | Found a shimmering altar of Xom.
   314 | D:1      | Found an ornate altar of the Wu Jian Council.
   314 | D:1      | Found a shattered altar of Ashenzari.
   316 | D:1      | Found a stormy altar of Qazlal.
   316 | D:1      | Found a glowing golden altar of the Shining One.
   316 | D:1      | Found a snail-covered altar of Cheibriados.
   454 | D:1      | Reached XP level 3. HP: 12/23 MP: 3/3
   492 | D:1      | Reached ** piety under Trog
   951 | D:2      | Reached XP level 4. HP: 28/29 MP: 4/4
   988 | D:2      | Found a glowing golden altar of the Shining One.
   988 | D:2      | Found a white marble altar of Elyvilon.
   989 | D:2      | Found a glowing silver altar of Zin.
  1812 | D:3      | Reached XP level 5. HP: 27/33 MP: 5/5
  2432 | D:4      | Noticed a phantom
  2701 | D:4      | Slain by a worker ant

Skill      XL: |  1  2  3  4  5 |
---------------+----------------+-----
Axes           | 3 4 |  4.1
Dodging        | 2 |  2.4
Armour         | 3 |  3.3
Fighting       | 4 |  4.1

Action                   |  1- 3 |  4- 6 || total
-------------------------+-------+-------++-------
Melee: Hand axe          |   108 |   247 ||   355
 Fire: Hunting sling     |       |     3 ||     3
  Use: Scroll            |       |     5 ||     5
  Eat: Chunk             |       |     6 ||     6
Armor: Animal skin       |    31 |       ||    31
       Ring mail         |     6 |    16 ||    22
       Scale mail        |       |   116 ||   116
Dodge: Dodged            |    78 |   128 ||   206
